 Dungeon Crawl Stone Soup version 0.16-a0-3940-gf8a207b (webtiles) character file.

5624 ketsa the Basher (level 10, -4/92 HPs)
             Began as a Deep Dwarf Berserker on Feb 7, 2015.
             Was a Priest of Trog.
             Succumbed to Sonja's poison
             ... on level 10 of the Dungeon.
             The game lasted 00:50:45 (8864 turns).

ketsa the Basher (Deep Dwarf Berserker)             Turns: 8864, Time: 00:50:46

Health: -4/92      AC: 22    Str: 22    XL:     10   Next: 46%
Magic:  19/19      EV:  8    Int:  8    God:    Trog [***...]
Gold:   669        SH:  5    Dex: 14    Spells: 0 memorised, 9 levels left

rFire  . . .     SeeInvis .     S - +1 flail (drain)
rCold  . . .     Clarity  .     w - +0 plate armour
rNeg   + . .     SustAb   .     Z - +0 buckler
rPois  .         Gourm    .     p - +1 helmet
rElec  .         Spirit   .     e - +0 cloak
rCorr  .         Warding  .     F - +0 pair of gloves
rMut   +         Stasis   .     (no boots)
MR     +++..                    l - amulet of resist mutation
Stlth  ..........               o - ring of positive energy
                                b - +4 ring of protection

@: lethally poisoned (-4 -> -90), exhausted, non-regenerating, slowed, very
slow, extremely resistant to hostile enchantments, extremely unstealthy
A: damage resistance, recharge devices, sense surroundings 2, slow healing 3
a: Device Recharging, Burn Spellbooks, Berserk, Trog's Hand, Renounce Religion


You were on level 10 of the Dungeon.
You worshipped Trog.
Trog was most pleased with you.
You were not hungry.

You visited 1 branch of the dungeon, and saw 10 of its levels.

You collected 669 gold pieces.

Inventory:

Hand weapons
 D - a +0 blowgun
 L - a +0 war axe of venom
 S - a +1 flail of draining (weapon)
Missiles
 k - 51 stones
 m - 36 poisoned needles
 V - 5 tomahawks (quivered)
Armour
 e - a +0 cloak (worn)
 p - a +1 helmet (worn)
 w - a +0 plate armour (worn)
 F - a +0 pair of gloves (worn)
 Z - a +0 buckler (worn)
Rods
 g - a +1 rod of inaccuracy (13/13)
   (You found it on level 10 of the Dungeon)
Jewellery
 b - a +4 ring of protection (left hand)
 l - an amulet of resist mutation (around neck)
 o - a ring of positive energy (right hand)
 z - an uncursed ring of flight
 Y - an uncursed ring of teleportation
Magical devices
 c - a wand of heal wounds (3)
 r - a wand of frost (28)
 A - a wand of frost (25)
 G - a wand of magic darts (20)
 R - a wand of magic darts (24)
Scrolls
 s - 3 scrolls of identify
 y - a scroll of remove curse
 B - a scroll of silence {unknown}
 C - a scroll of noise
 I - a scroll of blinking
 J - 2 scrolls of magic mapping
 K - a scroll of enchant weapon {unknown}
 M - 3 scrolls of teleportation
 N - 4 scrolls of enchant armour
 U - 2 scrolls of fog
Potions
 i - a potion of restore abilities {unknown}
 j - a potion of brilliance {unknown}
 q - a potion of haste
 v - 2 potions of might {unknown}
 E - a potion of flight {unknown}
 H - 2 potions of mutation {unknown}
 P - a potion of resistance {unknown}
 Q - a potion of cancellation {unknown}
 W - a potion of lignification {unknown}
 X - a potion of poison {unknown}
Comestibles
 d - 6 bread rations
 f - 5 meat rations


   Skills:
 + Level 6.7 Fighting
 * Level 9.8 Maces & Flails
 - Level 3.8 Throwing
 + Level 7.9 Armour
 - Level 3.0 Dodging
 - Level 5.0 Shields
 + Level 6.4 Evocations


You had 9 spell levels left.
You didn't know any spells.

Dungeon Overview and Level Annotations

Branches:
Dungeon (10/15)
 Temple: D:4-7         Lair: D:8-11         Orc: D:9-12

Altars:
Fedhas
Gozag
Kikubaaqudgha
Makhleb
Okawaru
Ru
Sif Muna
Yredelemnul

Shops:
D:6 =

Annotations:
D:10 Sonja


Innate Abilities, Weirdness & Mutations

You are resistant to damage.
You can recharge devices by infusing magical energy.
You passively map the area around you.
You do not heal naturally.


Message History

You are more poisoned.
Sonja barely misses you. You block Sonja's attack.
Sonja hits you but does no damage.
You are more poisoned.
Use which ability? (? or * to list)
Your skin crawls.
You feel resistant to hostile enchantments.
You feel slightly more hungry.
* * * LOW HITPOINT WARNING * * *
You feel extremely sick. Sonja hits you but does no damage. x2
You are more poisoned.
Sonja hits you with an uncursed short sword of venom.
* * * LOW HITPOINT WARNING * * *
You are more poisoned.
Sonja gestures wildly while chanting.
Sonja blinks!
You miss Sonja.
Sonja is severely wounded.
You die...

####### #######
#.....##############
#.....#
..................>#
#.###.#
#.....#.##########.#
#(#<#.######
#.....#.# #.#
#.#.#.#.....
#.....#.# #####.#
#.#.#.##.##.
#.....#.# #..@K.#
#.#.#.##.##.
#######.# #.#####
#.#.#.##.##. # #.#
#.# #.#.#)##.##. ##
..., #.#
#.#.#....##. [#
#....*###)###
#.#.#######. .## ...
*#.....#
#.#......##. ..# ...
#.....# #.######.##.
#.# *...,
#(....#####.# #.##.
#.## *#.#
###(........# #....


You could see Sonja.

Vanquished Creatures
  Joseph (D:7)
  3 molten gargoyles (D:9)
  Psyche (D:8)
  A gargoyle (D:10)
  Prince Ribbit (D:5)
  A hippogriff (D:9)
  3 hungry ghosts
  Edmund (D:5)
  3 ice beasts
  A sky beast (D:7)
  7 ogres
  A black bear (D:9)
  A necrophage (D:8)
  2 phantoms (D:9)
  4 centaurs
  2 giant frogs (D:6)
  4 scorpions
  2 crimson imps
  2 goliath beetles (D:6)
  6 jellies
  An orc priest (D:6)
  The ghost of ConnectionFaild the Charlatan, a weakling SpAr (D:5)
  4 hounds
  A centaur zombie (D:6)
  3 iguanas
  2 centaur skeletons (D:4)
  Natasha (thrice) (D:3)
  An orc wizard (D:6)
  7 worker ants
  2 killer bee zombies (D:9)
  Ijyb (D:2)
  A hound skeleton (D:6)
  3 gnolls (D:2)
  A worker ant zombie (D:9)
  5 shadow imps
  6 adders
  5 worms
  3 adder skeletons
  7 giant geckos
  5 oozes (D:9)
  17 orcs
  3 giant cockroaches
  14 hobgoblins
  4 quokkas
  A ball python (D:6)
  15 bats
  A giant gecko skeleton (D:4)
  A giant gecko zombie (D:6)
  7 giant newts
  A giant spore (D:7)
  10 goblins
  2 jackals (D:3)
  16 kobolds
  11 rats
  4 ballistomycetes
216 creatures vanquished.

Vanquished Creatures (collateral kills)
  An orc warrior (D:7)
  An orc priest (D:7)
  2 orcs (D:7)
  A hobgoblin (D:7)
5 creatures vanquished.

Vanquished Creatures (others)
  An orc (D:9)
  A giant spore (D:9)
2 creatures vanquished.

Grand Total: 223 creatures vanquished

Notes
Turn   | Place    | Note
--------------------------------------------------------------
     0 | D:1      | ketsa, the Deep Dwarf Berserker, began the quest for the Orb.
     0 | D:1      | Reached XP level 1. HP: 20/20 MP: 1/1
   599 | D:1      | Reached XP level 2. HP: 20/27 MP: 2/2
  1007 | D:2      | Acquired Trog's second power
  1054 | D:2      | Reached XP level 3. HP: 17/33 MP: 3/3
  1213 | D:2      | Found an ancient bone altar of Kikubaaqudgha.
  1440 | D:2      | Reached skill level 4 in Maces & Flails
  1446 | D:2      | Reached XP level 4. HP: 40/40 MP: 4/4
  1589 | D:2      | Noticed Ijyb
  1600 | D:2      | Killed Ijyb
  2232 | D:3      | Noticed Natasha
  2248 | D:3      | Killed Natasha
  2248 | D:3      | Reached XP level 5. HP: 32/48 MP: 5/5
  2330 | D:3      | Reached skill level 1 in Throwing
  2386 | D:3      | Found an iron altar of Okawaru.
  2731 | D:3      | Noticed Natasha
  2739 | D:3      | Killed Natasha
  3105 | D:3      | Noticed Natasha
  3117 | D:3      | Killed Natasha
  3127 | D:4      | Noticed an ogre
  3135 | D:4      | Killed an ogre
  3135 | D:4      | Reached skill level 5 in Maces & Flails
  3135 | D:4      | Reached XP level 6. HP: 39/56 MP: 6/6
  3365 | D:4      | Noticed an ogre
  3382 | D:4      | Killed an ogre
  3714 | D:4      | Acquired Trog's third power
  3794 | D:4      | Noticed an ogre
  3796 | D:4      | Noticed an ogre
  3902 | D:4      | Killed an ogre
  3902 | D:4      | Reached skill level 6 in Maces & Flails
  3902 | D:4      | Reached XP level 7. HP: 47/62 MP: 7/7
  3947 | D:4      | Killed an ogre
  4192 | D:5      | Entered Level 5 of the Dungeon
  4220 | D:5      | Found a burning altar of Makhleb.
  4221 | D:5      | Found a basalt altar of Yredelemnul.
  4246 | D:5      | Noticed Edmund
  4412 | D:5      | Killed Edmund
  4585 | D:5      | Noticed ConnectionFaild's ghost (weakling SpAr)
  4604 | D:5      | Killed ConnectionFaild's ghost
  4720 | D:5      | Found a blossoming altar of Fedhas.
  4875 | D:5      | Noticed Prince Ribbit
  4896 | D:5      | Killed Prince Ribbit
  4896 | D:5      | Reached skill level 7 in Maces & Flails
  4896 | D:5      | Reached skill level 5 in Armour
  4896 | D:5      | Reached XP level 8. HP: 54/72 MP: 8/8
  5300 | D:6      | Found Throadutt's Jewellery Emporium.
  5705 | D:6      | Reached skill level 1 in Shields
  6123 | D:6      | Reached skill level 5 in Fighting
  6123 | D:6      | Reached skill level 8 in Maces & Flails
  6192 | D:7      | Noticed Joseph
  6460 | D:6      | Gained mutation: You passively map the area around you. [level up]
  6460 | D:6      | Reached XP level 9. HP: 68/81 MP: 9/9
  6821 | D:7      | Reached skill level 1 in Evocations
  6866 | D:7      | Killed Joseph
  7094 | D:7      | Found an opulent altar of Gozag.
  7249 | D:7      | Found a deep blue altar of Sif Muna.
  7534 | D:8      | Noticed Psyche
  7537 | D:8      | Killed Psyche
  7855 | D:9      | Reached skill level 9 in Maces & Flails
  7903 | D:9      | Found a sacrificial altar of Ru.
  7997 | D:9      | Noticed a molten gargoyle
  8008 | D:9      | Killed a molten gargoyle
  8008 | D:9      | Reached skill level 5 in Shields
  8008 | D:9      | Reached skill level 5 in Evocations
  8008 | D:9      | Reached XP level 10. HP: 63/91 MP: 18/18
  8119 | D:10     | Entered Level 10 of the Dungeon
  8148 | D:10     | Noticed Sonja
  8211 | D:9      | Noticed a molten gargoyle
  8213 | D:9      | Noticed a molten gargoyle
  8223 | D:9      | Killed a molten gargoyle
  8321 | D:9      | Killed a molten gargoyle
  8719 | D:10     | Identified a cursed +1 rod of inaccuracy (13/13) (You found it on level 10 of the Dungeon)
  8864 | D:10     | Succumbed to Sonja's poison

Action                   |  1- 3 |  4- 6 |  7- 9 | 10-12 || total
-------------------------+-------+-------+-------+-------++-------
Melee: Mace              |   122 |   109 |       |       ||   231
       Flail             |       |    92 |   436 |   126 ||   654
 Fire: Blowgun           |       |    13 |    27 |       ||    40
Throw: Stone             |     3 |     6 |       |       ||     9
       Tomahawk          |       |       |     7 |     1 ||     8
Invok: Berserk           |     1 |     4 |     7 |     6 ||    18
       Trog's Hand       |     1 |     2 |    10 |    10 ||    23
       Burn Spellbooks   |       |       |     1 |       ||     1
       Brothers in Arms  |       |       |     1 |       ||     1
Evoke: Wand              |       |       |     1 |     1 ||     2
       Rod               |       |       |       |     2 ||     2
  Use: Scroll            |     5 |     4 |     5 |     3 ||    17
       Potion            |       |       |     2 |     9 ||    11
 Stab: Fleeing           |       |       |       |     1 ||     1
  Eat: Chunk             |     2 |    10 |    18 |     4 ||    34
       Pizza             |       |     1 |     1 |       ||     2
       Beef jerky        |       |     1 |     3 |       ||     4
       Royal jelly       |       |       |     1 |     2 ||     3
       Meat ration       |       |       |       |     1 ||     1
